 Dungeon Crawl Stone Soup version 0.31-a0-532-g28f74ba3e5 (webtiles) character file.

Game seed: 15857000913706221018

240 Shayle the Ruffian (level 6, 0/55 HPs)
             Began as an Ogre Shapeshifter on Aug 13, 2023.
             Slain by Pikel
             ... wielding a +2 whip of electrocution
              (15 damage)
             ... on level 4 of the Dungeon.
             The game lasted 00:07:20 (2931 turns).

Shayle the Ruffian (Ogre Shapeshifter)              Turns: 2931, Time: 00:07:20

Health: 0/55       AC:  3    Str: 20    XL:     6   Next: 8%
Magic:  11/11      EV:  9    Int: 11    God:
Gold:   120        SH:  0    Dex:  9    Spells: 12/12 levels left

rFire   + . .        b - +7 sling of Righteous Anger {heavy, rF+ Will++}
rCold   . . .        (no shield)
rNeg    . . .        a - +0 animal skin
rPois   .            (helmet currently unavailable)
rElec   .            (cloak currently unavailable)
rCorr   .            (gloves unavailable)
SInv    .            (boots unavailable)
Will    ++...        (no amulet)
Stlth   +            (no ring)
HPRegen 0.29/turn    (no ring)
MPRegen 0.12/turn

%: no passive effects
@: beast-form
A: beast (slay +2), large, unfitting armour, tough skin 1
a: Begin Untransformation


You were on level 4 of the Dungeon.
You were a hulking beast.
You visited 1 branch of the dungeon, and saw 4 of its levels.

You collected 120 gold pieces.

Inventory:

Hand Weapons
 b - the +7 sling of Righteous Anger (weapon) {heavy, rF+ Will++}
   (You found it on level 2 of the Dungeon)

   rF+:       It protects you from fire.
   Will++:    It greatly increases your willpower.
 f - a +2 dagger of draining
Armour
 a - a +0 animal skin (worn)
Jewellery
 p - an amulet of guardian spirit
 q - a ring of ice
Talismans
 c - a beast talisman (active)
 d - a flux talisman
Wands
 l - a wand of flame (29)
Scrolls
 e - a scroll of amnesia {unknown}
 g - a scroll of vulnerability {unknown}
 h - a scroll of brand weapon {unknown}
 i - 2 scrolls of immolation {unknown}
 k - a scroll of silence {unknown}
 m - a scroll of poison {unknown}
 n - a scroll of identify {unknown}
 o - a scroll of enchant weapon {unknown}
Potions
 j - a potion of ambrosia {unknown}


   Skills:
 - Level 1.3 Fighting
 + Level 1.2 Ranged Weapons
 - Level 1.7 Dodging
 + Level 4.4 Unarmed Combat
 + Level 3.9 Spellcasting
 - Level 3.0 Shapeshifting


You had 12 spell levels left.
You didn't know any spells.
Your spell library contained the following spells:

 Spells                   Type           Power      Damage    Failure   Level
 Freeze                   Ice            8%         1d3       24%         1
 Blink                    Tloc           4%         N/A       36%         2
 Lesser Beckoning         Tloc           4%         N/A       36%         2
 Momentum Strike          Conj/Tloc      4%         3d8       36%         2
 Wereblood                Tmut           2%         N/A       36%         2
 Frozen Ramparts          Ice            4%         1d1       58%         3
 Hailstorm                Conj/Ice       2%         3d3       58%         3
 Irradiate                Conj/Tmut      1%         3d12      100%        5


Dungeon Overview and Level Annotations

Branches:
Dungeon (4/15)
 Temple: D:4-7

Altars:
Trog

Shops:
D:3 *:!*

Annotations:
D:3 1 runed translucent door, Crazy Yiuf
D:4 Pikel


Innate Abilities, Weirdness & Mutations

You are a hulking beast.
Your limbs bulge with bestial killing power. (Slay +2)
You are too large for most types of armour.
You have tough skin. (AC +1)


Message History

The sling bullet hits the lemure but does no damage.
The lemure is heavily wounded.
The ball python bites you. The lemure hits you but does no damage.
The ball python closely misses you. The lemure barely misses you.
You shoot a sling bullet. The sling bullet hits the lemure!!
You kill the lemure!
That felt strangely unrewarding.
The ball python bites you.
The ball python bites you but does no damage.
The ball python attacks as you move away!
The ball python barely misses you. The ball python closely misses you.
You shoot a sling bullet. The sling bullet hits the ball python!
You kill the ball python!
r - a potion of heal wounds You start resting.
HP restored.
Found a stone staircase leading up.
There is a stone staircase leading up here.
There is a stone staircase leading up here.
Pikel shouts!
There is a stone staircase leading down here.
You shoot a sling bullet. The sling bullet barely misses Pikel.
You shoot a sling bullet. The sling bullet hits Pikel!
Pikel is lightly wounded.
You shoot a sling bullet. The lemure shouts!
The sling bullet hits Pikel!
Pikel is moderately wounded.
Pikel hits you with a +2 whip of electrocution!
You are electrocuted!!
Pikel hits you with a +2 whip of electrocution.
You are electrocuted!
* * * LOW HITPOINT WARNING * * *
Unknown command.
Okay, then.
You feel much better.
Pikel hits you with a +2 whip of electrocution.
Pikel hits you with a +2 whip of electrocution!
* * * LOW HITPOINT WARNING * * *
You are electrocuted!
You die...

....... #.##.### #.#.#
....... #.##.# #.#.#
....... #.#..# #.#.##
....... ##...######.#..###
....... #....รท....#.##...#
......5##.........#.####.##
..................#.# #..#
.........#..55.K>...# ##.#
#######.##......h..## #.##
###..#......^...# #..##
#.......###.###.#######..#
##.##..### #..........###.#
#......# #.###......# #.#
#..#.### #.###......###.#
##...#.# #..##.#.####...#
.....#.# ##.##...# #<###
##.###5# #.##.### #.#


You could see Pikel and 2 lemures.

Vanquished Creatures
  2 lemures (D:4)
  Ijyb (D:3)
  2 orc priests
  A sleepcap (D:4)
  A gnoll (D:2)
  3 adders
  2 worms (D:3)
  2 dart slugs (D:2)
  7 orcs
  6 bats
  8 endoplasms
  A giant cockroach (D:1)
  4 goblins
  9 hobgoblins
  6 jackals
  7 kobolds
  A quokka (D:2)
  4 ball pythons
  3 frilled lizards
  4 rats
74 creatures vanquished.

Notes
Turn   | Place    | Note
-------+----------+-------------------------------------------
     0 | D:1      | Shayle the Ogre Shapeshifter began the quest for the Orb.
     0 | D:1      | Reached XP level 1. HP: 19/19 MP: 1/1
    26 | D:1      | Found a faded altar of an unknown god.
   169 | D:1      | Reached skill level 1 in Spellcasting
   169 | D:1      | Reached XP level 2. HP: 18/21 MP: 3/3
   182 | D:1      | Reached skill level 3 in Unarmed Combat
   496 | D:1      | Reached XP level 3. HP: 31/32 MP: 5/5
   741 | D:1      | Found a bloodstained altar of Trog.
   814 | D:2      | Reached XP level 4. HP: 37/41 MP: 5/7
   975 | D:2      | HP: 2/41 [adder (2)]
  1161 | D:2      | Identified the +7 sling of Righteous Anger {heavy, rF+
                  | Will++}
  1791 | D:3      | Found a runed translucent door.
  1792 | D:3      | Noticed Crazy Yiuf
  1835 | D:3      | Reached skill level 4 in Unarmed Combat
  1870 | D:3      | Noticed Ijyb
  1875 | D:3      | Killed Ijyb
  1876 | D:3      | Reached XP level 5. HP: 32/48 MP: 8/10
  1966 | D:3      | Found Hoyvory's Distillery.
  1967 | D:3      | Found Xieluxuk's General Store.
  1967 | D:3      | Found Vahatt's Assorted Antiques.
  2180 | D:3      | Found Jikol's Book Shoppe.
  2192 | D:3      | Reached skill level 1 in Ranged Weapons
  2680 | D:4      | Reached XP level 6. HP: 55/55 MP: 11/11
  2725 | D:4      | Noticed Pikel
  2931 | D:4      | Slain by Pikel

Illustrated notes

Levels and vault maps discovered:
D:1:      dpeg_arrival_lava_altar, layout_rooms,
          dreamdust_ecumenical_altar_statues
D:2:      layout_rooms, cheibrodos_gnoll_hut
D:3:      layout_loops_ring, serial_shops, shop, shop, nicolae_shop_crystal,
          shop, uniq_ijyb, uniq_crazy_yiuf_cottage
D:4:      layout_rooms, uniq_pikel

Skill      XL: |  1  2  3  4  5 |
---------------+----------------+-----
Spellcasting   | 1 2 3 |  3.9
Unarmed Combat | 3 4 |  4.4
Ranged Weapons | 1 |  1.2
Fighting       | |  1.3
Dodging        | |  1.7
Shapeshifting  | |  3.0

Action                     |  1- 3 |  4- 6 || total
---------------------------+-------+-------++-------
  Melee: Unarmed           |    41 |       ||    41
         Dagger            |    54 |    43 ||    97
         Punch             |     1 |       ||     1
   Fire: Sling             |       |    94 ||    94
    Use: Potion            |     2 |     1 ||     3
 Armour: Animal skin       |    38 |    17 ||    55
         Skin              |    57 |    62 ||   119
  Dodge: Dodged            |    55 |    55 ||   110

Table legend: (Time is in decaauts)
 A = Elapsed time spent in this place.
 B = Non-inter-level travel time spent in this place.
 C = Inter-level travel time spent in this place.
 D = Time resting spent in this place.
 E = Time spent auto-exploring this place.
 F = Levels seen in this place.
 G = Mean time per level.
                   A        B        C        D        E       F      G
               +--------+--------+--------+--------+--------+-----+--------+
         Total |   3026 |   2920 |    106 |    386 |   1838 |   4 |  756.5 |
       Dungeon |   3026 |   2920 |    106 |    386 |   1838 |   4 |  756.5 |
               +--------+--------+--------+--------+--------+-----+--------+

Top non-repeatable levels by time:
     D:1: 976 daAuts
     D:3: 974 daAuts
     D:2: 684 daAuts
     D:4: 390 daAuts
